Map: Prion Terraces

Players

Miszu - Winner!

  • Race: Terran Terran
  • League: Diamond

ByRada

  • Race: Zerg Zerg
  • League: Grandmaster

VOD

Have the link to the VOD?

Description

Time

  • Played on: March 25, 2016, 4:32 p.m.
  • Length: 13:37
Show
View Real Time Build Order
Export as new Build Order

Miszu Terran - Winner!

Build Orders: Reaper Expand, Banshee Rush 

Get SALT Encoding   

  12  0:01  SCV  
  13  0:13  SCV  
  14  0:18  Supply Depot  
  14  0:25  SCV  
  15  0:40  SCV  
  15  0:41  Barracks  
  16  0:44  Refinery  
  16  0:52  SCV  
  17  1:04  SCV  
  18  1:28  Orbital Command  
  18  1:29  Reaper  
  19  1:39  Command Center  
  19  1:48  Supply Depot  
  19  1:53  SCV  
  20  2:06  SCV  
  20  2:07  Factory  
  21  2:18  SCV  
  22  2:23  Barracks Reactor  
  22  2:30  SCV  
  22  2:31  Refinery x2  
  23  2:42  SCV  
  24  2:52  Orbital Command  
  24  2:54  SCV  
  25  2:58  Starport  
  25  3:02  Marine  
  26  3:06  SCV  
  26  3:13  Factory Tech Lab  
  26  3:17  SCV  
  26  3:18  SCV  
  26  3:19  Bunker  
  28  3:20  Marine  
  28  3:25  Marine  
  30  3:29  SCV  
  30  3:30  SCV  
  32  3:38  Fusion Core  
  32  3:41  Cloaking Field, SCV  
  32  3:42  SCV  
  32  3:46  Marine  
  35  3:53  SCV  
  36  3:59  SCV  
  37  4:06  SCV  
  37  4:07  Banshee  
  41  4:11  SCV  
  41  4:13  Starport  
  42  4:17  Starport  
  42  4:18  SCV  
  42  4:23  SCV  
  44  4:24  Supply Depot  
  44  4:26  Supply Depot  
  44  4:30  SCV  
  45  4:35  SCV  
  46  4:39  Refinery  
  46  4:45  Command Center  
  46  4:46  SCV  
  46  4:47  SCV  
  46  4:50  Banshee  
  51  4:53  Starport Tech Lab  
  51  4:58  SCV  
  52  5:00  Engineering Bay, Hyperflight Rotors  
  52  5:02  SCV  
  52  5:04  Supply Depot, Starport Tech Lab  
  53  5:10  SCV  
  53  5:14  Banshee  
  57  5:23  SCV  
  57  5:24  Banshee  
  61  5:37  Banshee  
  61  5:40  SCV x2  
  66  5:43  Supply Depot x2  
  66  5:52  SCV  
  66  5:55  SCV  
  66  5:56  Banshee  
  71  6:04  SCV  
  71  6:07  Banshee  
  71  6:10  SCV  
  76  6:19  SCV  
  76  6:20  Banshee  
  76  6:22  Supply Depot, SCV  
  76  6:23  Supply Depot  
  81  6:31  SCV  
  83  6:36  Planetary Fortress  
  83  6:38  SCV  
  83  6:39  Refinery, Banshee  
  86  6:42  Command Center  
  86  6:44  Refinery  
  83  6:50  Banshee  
  86  6:57  SCV x2  
  91  7:09  SCV x2  
  91  7:13  SCV  
  94  7:21  SCV  
  94  7:22  SCV  
  99  7:25  SCV  
  99  7:26  Liberator x3  
  100  7:33  SCV  
  95  8:09  Liberator x2  
  95  8:10  SCV x2  
  95  8:11  Liberator, Missile Turret  
  97  8:14  Missile Turret  
  97  8:15  Missile Turret  
  97  8:16  Missile Turret x2  
  97  8:17  Missile Turret  
  95  8:20  Missile Turret  
  100  8:35  SCV  
  100  8:38  SCV  
  102  8:44  SCV  
  102  8:47  SCV  
  104  8:50  SCV  
  104  8:52  Liberator  
  104  8:54  Liberator  
  104  8:55  Refinery  
  105  8:56  SCV  
  106  9:04  Supply Depot  
  106  9:09  Liberator  
  112  9:10  Liberator  
  112  9:15  Starport  
  112  9:17  Starport  
  112  9:30  Planetary Fortress  
  118  9:35  Liberator  
  118  9:37  Command Center  
  118  9:40  Command Center  
  118  9:41  Command Center  
  118  9:44  Refinery  
  118  9:45  Refinery  
  118  9:49  Armory x2  
  118  9:50  Liberator  
  118  9:52  Liberator x2  
  121  9:56  Starport Tech Lab  
  121  9:59  Starport Tech Lab  
  121  10:00  Missile Turret x2  
  121  10:01  Missile Turret  
  121  10:02  Liberator, Missile Turret  
  121  10:04  Liberator, Missile Turret x2  
  130  10:17  Liberator  
  130  10:20  Command Center  
  136  10:34  Supply Depot  
  139  10:37  Supply Depot  
  139  10:38  Supply Depot  
  139  10:40  Terran Ship Weapons Level 1  
  139  10:41  Terran Vehicle And Ship Armor Level 1  
  139  10:50  Banshee  
  142  11:02  Banshee  
  145  11:05  Banshee  
  145  11:06  Viking x2  
  152  11:17  Banshee  
  155  11:33  Medivac  
  157  11:46  Liberator  
  163  12:03  Battlecruiser x2  
  163  12:05  Orbital Command  
  172  12:20  Battlecruiser  
  175  12:23  Battlecruiser  
  178  12:36  Refinery  
  178  12:39  Refinery  
Show
View Real Time Build Order
Export as new Build Order

ByRada Zerg 

Build Orders: Hatch First 

Get SALT Encoding   

  12  0:01  Drone  
  13  0:08  Drone  
  14  0:17  Overlord  
  14  0:24  Extractor, Drone  
  15  0:36  Drone x2  
  17  0:56  Hatchery  
  16  0:57  Drone  
  16  1:01  Drone  
  18  1:17  Extractor  
  17  1:18  Spawning Pool  
  17  1:19  Drone  
  17  1:23  Drone  
  18  1:44  Hatchery  
  17  1:48  Drone x2  
  17  1:53  Drone  
  20  1:59  Overlord  
  20  2:08  Queen  
  20  2:12  Zergling x2  
  23  2:16  Zergling x2  
  24  2:23  Queen  
  24  2:27  Drone x2  
  28  2:35  Extractor  
  28  2:36  Drone  
  28  2:37  Drone  
  29  2:43  Drone x2  
  31  2:46  Queen  
  34  2:52  Overlord  
  34  2:56  Extractor  
  34  2:57  Extractor  
  34  2:58  Drone x2  
  34  3:13  Drone x3  
  34  3:14  Drone  
  38  3:20  Drone x3  
  38  3:21  Drone x2  
  38  3:22  Queen  
  45  3:30  Roach Warren  
  44  3:37  Overlord  
  44  3:49  Evolution Chamber  
  44  3:55  Spore Crawler  
  41  3:57  Queen, Spore Crawler  
  41  4:01  Lair  
  41  4:02  Spore Crawler  
  40  4:07  Drone x4, Spore Crawler  
  40  4:09  Drone x2  
  45  4:10  Drone  
  46  4:18  Zerg Missile Weapons Level 1  
  46  4:24  Roach x2, Evolution Chamber  
  46  4:26  Roach  
  46  4:29  Roach  
  53  4:32  Drone x2  
  53  4:33  Drone  
  56  4:38  Drone  
  56  4:41  Overlord  
  57  4:51  Zerg Ground Armor Level 1  
  57  4:57  Overlord x2  
  57  5:01  Extractor  
  57  5:02  Drone  
  57  5:03  Drone x3  
  57  5:04  Glial Reconstitution  
  60  5:08  Drone x4  
  60  5:11  Extractor  
  60  5:13  Roach  
  64  5:23  Drone  
  64  5:24  Drone x3  
  66  5:30  Spore Crawler  
  66  5:32  Spore Crawler  
  65  5:35  Overseer  
  65  5:41  Drone x2  
  65  5:42  Drone x3  
  71  5:43  Drone x9  
  71  5:44  Ravager  
  81  5:53  Overseer  
  81  5:57  Overlord x3, Extractor  
  81  5:58  Extractor  
  76  6:12  Drone x2  
  76  6:13  Drone x3  
  76  6:18  Roach x5  
  91  6:21  Queen  
  93  6:30  Drone  
  93  6:32  Spire  
  93  6:33  Ravager x2  
  93  6:35  Drone x3  
  93  6:37  Spore Crawler  
  97  6:51  Ravager x3  
  100  6:57  Pneumatized Carapace  
  100  7:01  Queen  
  101  7:14  Extractor  
  98  7:26  Hatchery  
  95  7:43  Overseer  
  93  7:44  Overseer  
  93  7:53  Zergling x2  
  93  7:54  Zergling x26  
  103  8:09  Extractor x2  
  98  8:19  Mutalisk x3  
  97  8:20  Mutalisk x2  
  97  8:36  Drone x2  
  97  8:37  Drone x2  
  97  8:38  Drone x2  
  98  8:46  Drone x3  
  98  8:47  Drone x2  
  98  9:01  Corruptor x5  
  98  9:02  Corruptor  
  108  9:03  Hydralisk Den  
  108  9:06  Roach  
  108  9:07  Roach x2  
  107  9:28  Overlord x3  
  107  9:33  Muscular Augments  
  107  9:37  Drone x2  
  109  9:40  Hydralisk  
  109  9:44  Overlord x2  
  109  9:45  Overlord x3  
  111  10:04  Spore Crawler  
  111  10:06  Roach x8, Spore Crawler  
  111  10:07  Roach x8  
  141  10:23  Overseer  
  141  10:29  Roach x10  
  141  10:30  Infestation Pit, Roach x3  
  141  10:32  Overlord x3  
  141  10:33  Overlord  
  164  11:00  Ravager  
  164  11:01  Ravager x11  
  154  11:09  Overseer x3  
  154  11:24  Hydralisk x5  
  160  11:27  Drone  
  150  11:43  Hydralisk  
  150  11:44  Hydralisk x2  
  151  11:49  Hatchery  
  151  11:51  Hatchery  
  135  11:59  Hydralisk x5  
  139  12:08  Overlord  
  139  12:14  Hatchery  
  136  12:20  Hydralisk  
  136  12:21  Extractor, Hydralisk x2  
  141  12:31  Extractor  
  141  12:32  Hydralisk  
  141  12:33  Hydralisk x5  
  143  12:46  Hydralisk x3  
  149  12:57  Hydralisk Den  
Tags
 
Add a new tag
Caveats
  • Supply blocks, unpowered buildings, or Contaminate may cause inaccurate times.
  • Supply counts are checked every 10 seconds.